 Dungeon Crawl Stone Soup version 0.28-a0-793-g31680bbd8b (webtiles) character file.

Game seed: 10128752391208774634

774 swuauws the Chopper (level 7, -2/64 HPs)
             Began as a Deep Dwarf Fighter on Nov 4, 2021.
             Was a High Priest of Ignis.
             Slain by an ogre (13 damage)
             ... on level 5 of the Dungeon.
             The game lasted 00:20:03 (2346 turns).

swuauws the Chopper (Deep Dwarf Fighter)            Turns: 2346, Time: 00:20:04

Health: -2/64      AC:  8    Str: 19    XL:     7   Next: 53%
Magic:  3/3        EV: 10    Int: 11    God:    Ignis [*****.]
Gold:   8          SH:  0    Dex: 12    Spells: 6/6 levels left

rFire   + . .      SeeInvis .   m - +0 battleaxe
rCold   . . .      Faith    .   (shield currently unavailable)
rNeg    . . .      Spirit   .   b - +0 scale mail
rPois   .          Reflect  .   (no helmet)
rElec   .          Harm     .   (no cloak)
rCorr   .          Rampage  .   f - +0 pair of gloves
Will    +....                   (no boots)
Stlth   ..........              (no amulet)
HPRegen 0.00/turn               (no ring)
MPRegen 0.08/turn               (no ring)

@: no status effects
A: damage resistance, heal wounds, sense surroundings 1, no regeneration
a: Heal Wounds, Renounce Religion, Sea of Fire, Foxfire Swarm, Rising Flame


You were on level 5 of the Dungeon.
You worshipped Ignis.
Ignis was extremely pleased with you.
You visited 1 branch of the dungeon, and saw 4 of its levels.

You collected 63 gold pieces.
You spent 55 gold pieces at shops.

Inventory:

Hand Weapons
 m - a +0 battleaxe (weapon)
Armour
 b - a +0 scale mail (worn)
 f - a +0 pair of gloves (worn)
Scrolls
 k - a scroll of magic mapping
Potions
 d - a potion of might
 e - a potion of flight {unknown}
 g - a potion of mutation {unknown}
 h - 2 potions of curing
 i - a potion of lignification
 j - a potion of haste {unknown}


   Skills:
 + Level 4.1 Fighting
 + Level 6.4 Axes
 + Level 5.9 Armour
 + Level 1.7 Dodging
 + Level 3.8 Shields


You had 6 spell levels left.
You didn't know any spells.
Your spell library contained the following spells:

 Spells                   Type           Power      Damage    Failure   Level
 Ensorcelled Hibernation  Hex/Ice        0%         N/A       82%         2
 Dazzling Flash           Conj/Hex       0%         N/A       96%         3
 Spider Form              Tmut/Pois      0%         N/A       96%         3
 Agony                    Necr           0%         N/A       100%        5
 Silence                  Hex/Air        0%         N/A       100%        5


Dungeon Overview and Level Annotations

Branches:
Dungeon (3/15)

Altars:
Elyvilon
Fedhas
Ignis

Shops:
D:2 !

Annotations:
D:5 Prince Ribbit


Innate Abilities, Weirdness & Mutations

You are resistant to damage.
You can heal yourself by infusing magical energy.
You passively map a small area around you.
You do not regenerate.


Message History

Deactivating autopickup; reactivate with Ctrl-A.
Prince Ribbit comes into view.
An orc comes into view. It is wielding a +0 whip.
The orc wizard mumbles some strange words.
The orc wizard flickers and vanishes!
You slash the orc!
You kill the orc!
A puff of flame appears from out of thin air!
The puff of flame hits you but does no damage.
You resist.
You hit something. Something hits you.
You slice something!!
Reactivating autopickup.
You feel a bit more experienced.
Deactivating autopickup; reactivate with Ctrl-A.
You miss something. Something completely misses you.
You slash the orc!
You kill the orc!
You miss something. Something hits you but does no damage.
You miss something.
Something hits you but does no damage. x2
You miss something. Something hits you but does no damage. Something hits you.
Items here: ))) [ ††.
You hear some strange, mumbled words.
Something tries to affect you, but you resist.
You slash something!
Reactivating autopickup.
You feel a bit more experienced.
Items here: ))) [ ††.
Things that are here:
a +0 dagger; a +0 robe
Items here: ))) [ ††.
Okay, then.
An ogre comes into view. It is wielding a +0 giant club.
Found two stone staircases leading down.
You barely miss the ogre. The ogre hits you with a +0 giant club!
* * * LOW HITPOINT WARNING * * *
Unknown command.
You fail to use your ability.
The ogre hits you with a +0 giant club!
You die...

* ###### # , * #....###
.. , ##......#####
*,>...* #...##.##.>.##
..... ##...........##
...... ##...)...#...## ,
......######)##..#..(.##
* ,
#...O@..............## *
#..........##....#....
#...##.......###.###....
..> ###.....##...(.....
. ***###.....##.......<#
*###....##....##.#.#.#
#.....###.....###.#.# *
........##.............
,...###..###..##........


You could see an ogre.

Vanquished Creatures
  A sky beast (D:5)
  A phantom (D:5)
  A scorpion (D:5)
  A hound (D:5)
  2 bullfrog skeletons (D:5)
  A gnoll shaman (D:5)
  A centaur skeleton (D:3)
  Jessica (D:2)
  4 orc wizards (D:5)
  An iguana (D:5)
  A scorpion zombie (D:5)
  Robin (D:2)
  5 gnolls
  A howler monkey zombie (D:5)
  6 adders
  2 worms (D:2)
  5 dart slugs
  11 orcs
  6 ball pythons
  4 endoplasms
  5 giant cockroaches
  13 goblins
  6 hobgoblins
  4 kobolds
  3 quokkas
  5 bats
  2 frilled lizards
  8 rats
102 creatures vanquished.

Vanquished Creatures (others)
  14 plants (D:3)
14 creatures vanquished.

Grand Total: 116 creatures vanquished

Notes
Turn   | Place    | Note
-------+----------+-------------------------------------------
     0 | D:1      | swuauws the Deep Dwarf Fighter began the quest for the Orb.
     0 | D:1      | Reached XP level 1. HP: 20/20 MP: 1/1
   107 | D:1      | Found a faded altar of an unknown god.
   115 | D:1      | Prayed at the altar of an unknown god.
   115 | D:1      | Became a worshipper of Ignis, the Dying Flame
   152 | D:1      | Reached XP level 2. HP: 14/27 MP: 2/2
   273 | D:1      | Reached XP level 3. HP: 12/34 MP: 3/3
   765 | D:2      | Reached skill level 3 in Axes
   849 | D:2      | Reached XP level 4. HP: 37/42 MP: 4/4
   894 | D:2      | Noticed Jessica
   906 | D:2      | Killed Jessica
   952 | D:2      | Found Xoosowow's Distillery.
  1113 | D:2      | Noticed Robin
  1117 | D:2      | Killed Robin
  1118 | D:2      | Reached skill level 4 in Axes
  1118 | D:2      | Reached XP level 5. HP: 26/49 MP: 5/5
  1290 | D:2      | Bought a potion of heal wounds for 55 gold pieces
  1745 | D:3      | Found a white marble altar of Elyvilon.
  1838 | D:3      | Found a blossoming altar of Fedhas.
  2017 | D:3      | You fall into a shaft and drop 2 floors!
  2017 | D:5      | Entered Level 5 of the Dungeon
  2020 | D:5      | Noticed a sky beast
  2029 | D:5      | Reached XP level 6. HP: 28/56 MP: 5/5
  2038 | D:5      | Reached skill level 1 in Dodging
  2057 | D:5      | Reached skill level 5 in Axes
  2092 | D:5      | Reached skill level 5 in Armour
  2103 | D:5      | Killed a sky beast
  2187 | D:5      | Reached XP level 7. HP: 34/63 MP: 4/4
  2261 | D:5      | Reached skill level 6 in Axes
  2306 | D:5      | Noticed Prince Ribbit
  2346 | D:5      | Slain by an ogre

Illustrated notes

Levels and vault maps discovered:
D:1:      minmay_arrival_glassed_features, layout_basic,
          dreamdust_ecumenical_altar_angels_and_demons
D:2:      layout_rooms, serial_shops, nicolae_square_shop,
          chequers_serial_rivers_small_3, st_stairs_9, uniq_robin, uniq_jessica
D:3:      layout_loops_cross, lightli_temple_of_fire,
          nicolae_elyvilon_temple_path, mainiacjoe_overflow_24_doors,
          serial_glass, glass_columns_a, glass_columns_a
D:5:      layout_cave_pools, grunt_qazlal_sundering, uniq_prince_ribbit1,
          uniq_pikel

Skill      XL: |  1  2  3  4  5  6  7 |
---------------+----------------------+-----
Fighting       | 3 4 |  4.1
Axes           | 3 4 5 6 |  6.4
Armour         | 4 5 |  5.9
Dodging        | 1 |  1.7
Shields        | |  3.8

Action                   |  1- 3 |  4- 6 |  7- 9 || total
-------------------------+-------+-------+-------++-------
Melee: War axe           |    96 |    94 |       ||   190
       Battleaxe         |       |   139 |    44 ||   183
 Abil: Heal Wounds       |     2 |     7 |     4 ||    13
  Use: Scroll            |     4 |     3 |     1 ||     8
       Potion            |       |     1 |       ||     1
Armor: Scale mail        |    43 |   176 |    18 ||   237
Dodge: Dodged            |    44 |   118 |    36 ||   198
Block: Buckler           |    13 |    23 |       ||    36

Table legend: (Time is in decaauts)
 A = Elapsed time spent in this place.
 B = Non-inter-level travel time spent in this place.
 C = Inter-level travel time spent in this place.
 D = Time resting spent in this place.
 E = Time spent auto-exploring this place.
 F = Levels seen in this place.
 G = Mean time per level.
                   A        B        C        D        E       F      G
               +--------+--------+--------+--------+--------+-----+--------+
         Total |   2508 |   2508 |      0 |      0 |      0 |   4 |  627.0 |
       Dungeon |   2508 |   2508 |      0 |      0 |      0 |   4 |  627.0 |
               +--------+--------+--------+--------+--------+-----+--------+

Top non-repeatable levels by time:
     D:2: 987 daAuts
     D:1: 660 daAuts
     D:3: 479 daAuts
     D:5: 380 daAuts
